 Dungeon Crawl Stone Soup version 0.29.1-12-g30fa7ad0bf (webtiles) character file.

Game seed: 1022817609463087879

13585 Coaxmetal the Geomancer (level 12, -4/73 HPs)
             Began as a Gargoyle Earth Elementalist on Dec 19, 2022.
             Was a Priest of Vehumet.
             Slain by a skeletal warrior
             ... wielding a +0 halberd
              (17 damage)
             ... on level 12 of the Dungeon.
             The game lasted 00:32:54 (16874 turns).

Coaxmetal the Geomancer (GrEE)                     Turns: 16874, Time: 00:32:57

Health: -4/73      AC: 14    Str: 12    XL:     12   Next: 7%
Magic:  16/24      EV: 16    Int: 21    God:    Vehumet [***...]
Gold:   224        SH:  0    Dex: 10    Spells: 19/27 levels left

rFire   + . .      SeeInvis .   q - +9 rapier "Dragonslayer" {drain, rN+ Will+}
rCold   . . .      Faith    .   (no shield)
rNeg    + + .      Spirit   .   s - +1 troll leather armour
rPois   ∞          Reflect  .   (helmet restricted)
rElec   +          Harm     .   I - scarf {repulsion}
rCorr   .          Rampage  .   (no gloves)
Will    +....      Rage     3%  (no boots)
Stlth   ++........              (no amulet)
HPRegen 1.02/turn               j - +4 ring of evasion
MPRegen 0.19/turn               i - +4 ring of slaying

@: repel missiles, unable to drink
A: sickness immunity, AC +8, negative energy resistance 1, electricity
resistance, torment resistance 1, petrification resistance, horns 1, berserk 1,
fire resistance 1, inability to drink after injury 1
a: Renounce Religion


You were on level 12 of the Dungeon.
You worshipped Vehumet.
Vehumet was most pleased with you.
You visited 3 branches of the dungeon, and saw 14 of its levels.

You collected 632 gold pieces.
You spent 408 gold pieces at shops.

Inventory:

Hand Weapons
 q - the +9 rapier "Dragonslayer" (weapon) {drain, rN+ Will+}
   (You found it on level 10 of the Dungeon)

   A truly terrible weapon, it drains the life of any living foe it strikes.
   rN:        It protects you from negative energy.
   Will:      It increases your willpower.
Armour
 a - a +0 helmet
 s - a +1 troll leather armour (worn)
 I - a scarf of repulsion (worn)
 N - +0 steam dragon scales
 O - the +0 scale mail of Dixzupao {Fly rF- rN+}
   (You took it off an orc on level 5 of the Dungeon)

   rF:        It makes you vulnerable to fire.
   rN:        It protects you from negative energy.
   Fly:       It grants you flight.
Jewellery
 i - a +4 ring of slaying (right hand)
 j - a +4 ring of evasion (left hand)
 l - a ring of fire
 p - a ring of see invisible
 w - a ring of positive energy
 B - a ring of flight
 F - a ring of resist corrosion
Wands
 n - a wand of quicksilver (16)
 J - a wand of mindburst (10)
 L - a wand of flame (13)
 P - a wand of charming (15)
Scrolls
 c - 10 scrolls of teleportation
 e - 2 scrolls of blinking
 g - 4 scrolls of amnesia
 h - 3 scrolls of butterflies
 m - a scroll of immolation
 u - 7 scrolls of fear
 y - 4 scrolls of magic mapping
 D - 2 scrolls of enchant armour
Potions
 b - 4 potions of magic
 f - a potion of might
 k - 9 potions of curing
 v - 4 potions of brilliance
 C - a potion of haste
 G - 2 potions of heal wounds


   Skills:
 - Level 8.0 Fighting
 - Level 4.0(4.5) Short Blades
 + Level 3.2(4.2) Long Blades
 + Level 3.8 Armour
 - Level 5.0 Dodging
 - Level 5.0 Stealth
 - Level 8.0 Spellcasting
 - Level 6.0 Conjurations
 - Level 5.0 Transmutations
 + Level 11.4 Earth Magic


You had 19 spell levels left.
You knew the following spells:

 Your Spells              Type           Power      Damage    Failure   Level
a - Sandblast             Erth           100%       2d20      1%          1
b - Stone Arrow           Conj/Erth      88%        3d12      1%          3
c - Petrify               Tmut/Erth      42%        N/A       3%          4

Your spell library contained the following spells:

 Spells                   Type           Power      Damage    Failure   Level
 Frozen Ramparts          Ice            16%        1d3       9%          3
 Beastly Appendage        Tmut           58%        N/A       1%          1
 Passwall                 Tmut/Erth      35%        N/A       1%          2
 Wereblood                Tmut           29%        N/A       1%          2
 Spider Form              Tmut/Pois      18%        N/A       11%         3
 Ensorcelled Hibernation  Hex/Ice        16%        N/A       16%         2
 Fireball                 Conj/Fire      10%        3d6       21%         5
 Gell's Gravitas          Tloc           8%         N/A       30%         3
 Lesser Beckoning         Tloc           8%         N/A       30%         3
 Teleport Other           Tloc           8%         N/A       30%         3
 Anguish                  Hex/Necr       4%         N/A       69%         4
 Starburst                Conj/Fire      10%        6d5       71%         6
 Ignition                 Fire           4%         3d4       100%        8


Dungeon Overview and Level Annotations

Branches:
Dungeon (12/15)            Temple (1/1) D:5            Lair (1/5) D:9
    Orc (0/2) D:10

Altars:
Ashenzari
Cheibriados
Dithmenos
Elyvilon
Fedhas
Gozag
Hepliaklqana
Kikubaaqudgha
Makhleb
Nemelex Xobeh
Okawaru
Qazlal
Ru
Sif Muna
Trog
Uskayaw
Vehumet
Wu Jian
Xom
Yredelemnul
Zin
The Shining One

Shops:
D:7 :   D:11 :

Annotations:
D:3 1 runed translucent door, Tang's ghost, amateur KoAM
D:8 2 transporters, Coaxmetal's ghost, novice DrFE
D:10 Lodul
D:11 3 runed translucent doors, kingsuperguy's ghost, journeyman MiBe


Innate Abilities, Weirdness & Mutations

You are immune to sickness and miasma.
Your stone body is resilient. (AC +8)
You are immune to poison.
You resist negative energy. (rN+)
You are resistant to electric shocks. (rElec)
You are resistant to unholy torment.
You are immune to petrification.
You have a pair of small horns on your head.
You sometimes lose your temper in combat.
Your flesh is heat resistant. (rF+)
You occasionally lose the ability to drink potions when taking damage.


Message History

There is an escape hatch in the ceiling here.
You see here a +0 halberd.
Casting: Petrify (dangerous; 3% risk of failure)
Confirm with . or Enter, or press ? or * to list all spells.
Aiming: Stone Arrow (safe; 1% risk of failure)
Press: ? - help, Shift-Dir - straight line, f - skeletal warrior
Aim: a skeletal warrior, wielding a +0 halberd (76% to hit)
The stone arrow hits the skeletal warrior!
The skeletal warrior is lightly damaged.
Casting: Stone Arrow (safe; 1% risk of failure)
Confirm with . or Enter, or press ? or * to list all spells.
Aiming: Stone Arrow (safe; 1% risk of failure)
Press: ? - help, Shift-Dir - straight line, f/p - skeletal warrior
Aim: a skeletal warrior, wielding a +0 halberd (lightly damaged, 76% to hit)
The stone arrow hits the skeletal warrior!
The skeletal warrior is moderately damaged.
The skeletal warrior hits you but does no damage.
The skeletal warrior hits you with a +0 halberd!!
You barely miss the skeletal warrior.
Your headbutt misses the skeletal warrior.
The skeletal warrior is moderately damaged.
The skeletal warrior hits you with a +0 halberd!
You puncture the skeletal warrior!
The skeletal warrior is heavily damaged.
The skeletal warrior hits you with a +0 halberd!
You feel threatened and lose the ability to drink potions!
You hit the skeletal warrior but do no damage.
You headbutt the skeletal warrior!
The skeletal warrior is severely damaged.
The skeletal warrior hits you with a +0 halberd!
* * * LOW HITPOINT WARNING * * *
Casting: Stone Arrow (safe; 1% risk of failure)
Confirm with . or Enter, or press ? or * to list all spells.
Aiming: Stone Arrow (safe; 1% risk of failure)
Press: ? - help, Shift-Dir - straight line, f/p - skeletal warrior
Aim: a skeletal warrior, wielding a +0 halberd (severely damaged, 76% to hit)
The stone arrow hits the skeletal warrior.
The skeletal warrior is severely damaged.
The skeletal warrior hits you with a +0 halberd!
You die...

#.# #.#.# #.# #..
.....# #.# #####...##
##.# # ##.....##
###..# # ##.......##
##.#.##
###....z....####....#
..'.........+.......#
###.........####....##
# ##>......# #@....#
#####.....## #z##.##
##..z#...## #.####
..z...#+## #.# .#....#
#.# ........##### #.#
............# #.#
.........##.# #.#
.#........#<# #)#


You could see a skeletal warrior.

Vanquished Creatures
  A two-headed ogre (D:10)
  A centaur warrior (D:10)
  2 cyclopes
  A manticore (D:12)
  4 kobold demonologists
  A komodo dragon (D:12)
  3 trolls
  Sigmund (D:4)
  A shadow (D:12)
  A wraith (D:12)
  3 wyverns
  2 vampires (D:10)
  6 yaks (D:10)
  Grum (D:10)
  2 steam dragons
  5 water moccasins
  2 black bears
  9 orc warriors
  An ice beast (D:8)
  2 sky beasts
  15 ogres
  4 wolves (D:10)
  4 centaurs
  9 kobold brigands
  3 phantoms
  4 bullfrogs (D:9)
  3 gnoll sergeants
  4 scorpions
  6 wights
  6 killer bees
  6 howler monkeys
  3 hounds
  3 orc priests
  4 jellies
  An iguana (D:7)
  Jessica (D:2)
  6 orc wizards
  A mummy (D:8)
  10 gnolls
  9 adders
  2 white imps
  2 ufetubi
  3 worms (D:2)
  3 dart slugs
  24 orcs
  11 ball pythons
  8 endoplasms
  4 giant cockroaches
  14 hobgoblins
  10 kobolds
  4 quokkas
  5 bats
  4 frilled lizards
  15 goblins
  3 rats
263 creatures vanquished.

Vanquished Creatures (others)
  43 fungi (D:9)
  54 plants
  2 withered plants (D:3)
99 creatures vanquished.

Grand Total: 362 creatures vanquished

Notes
Turn   | Place    | Note
-------+----------+-------------------------------------------
     0 | D:1      | Coaxmetal the Gargoyle Earth Elementalist began the quest
                  | for the Orb.
     0 | D:1      | Reached XP level 1. HP: 10/10 MP: 3/3
   163 | D:1      | Reached skill level 4 in Earth Magic
   249 | D:1      | Reached XP level 2. HP: 15/15 MP: 1/5
   485 | D:1      | Found a faded altar of an unknown god.
   498 | D:1      | Noticed a floating eye
   507 | D:1      | Noticed a floating eye
   511 | D:1      | Reached XP level 3. HP: 17/19 MP: 1/6
   566 | D:1      | Noticed a floating eye
   566 | D:1      | Noticed a floating eye
   854 | D:2      | Reached skill level 5 in Earth Magic
  1095 | D:2      | Reached XP level 4. HP: 18/24 MP: 2/7
  1225 | D:2      | Noticed Jessica
  1227 | D:2      | Killed Jessica
  1710 | D:2      | Reached XP level 5. HP: 28/28 MP: 6/8
  2012 | D:2      | Reached skill level 6 in Earth Magic
  2430 | D:3      | Found Epe Teza's Distillery.
  2748 | D:3      | Learned a level 3 spell: Stone Arrow
  2753 | D:3      | Learned a level 4 spell: Petrify
  3007 | D:3      | Found a runed translucent door.
  3021 | D:3      | Noticed Tang's ghost (amateur KoAM)
  3210 | D:4      | Noticed an ogre
  3217 | D:4      | Killed an ogre
  3218 | D:4      | Reached skill level 1 in Conjurations
  3218 | D:4      | Reached skill level 1 in Transmutations
  3218 | D:4      | Reached XP level 6. HP: 32/32 MP: 5/9
  4062 | D:4      | Noticed Sigmund
  4072 | D:4      | HP: 1/32 [Sigmund/magic dart (8)]
  4384 | D:4      | Killed Sigmund
  4385 | D:4      | Reached skill level 7 in Earth Magic
  4385 | D:4      | Reached XP level 7. HP: 36/36 MP: 6/10
  4451 | D:4      | Reached skill level 5 in Stealth
  4665 | D:4      | Reached skill level 8 in Earth Magic
  4961 | D:5      | Entered Level 5 of the Dungeon
  4987 | D:5      | Reached XP level 8. HP: 40/41 MP: 2/11
  5186 | D:5      | Found a bloodstained altar of Trog.
  5457 | D:5      | Found an iron altar of Okawaru.
  5513 | D:5      | Found a staircase to the Ecumenical Temple.
  6322 | D:6      | Reached skill level 1 in Fighting
  6326 | D:6      | Identified the +0 scale mail of Dixzupao {Fly rF- rN+}
  6333 | D:6      | Reached skill level 1 in Short Blades
  6631 | Temple   | Entered the Ecumenical Temple
  6855 | Temple   | Became a worshipper of Vehumet
  7138 | D:6      | Found a snail-covered altar of Cheibriados.
  7376 | D:6      | Found a burning altar of Makhleb.
  7726 | D:7      | Found Nuticlip's Vocational Training.
  7745 | D:7      | Reached XP level 9. HP: 28/52 MP: 0/14
  9107 | D:7      | Found a sparkling altar of Nemelex Xobeh.
  9426 | D:8      | Reached skill level 5 in Fighting
  9426 | D:8      | Found a transporter.
  9437 | D:8      | Found a transporter.
  9439 | D:8      | Found a bloodstained altar of Trog.
  9513 | D:8      | Reached skill level 5 in Spellcasting
  9592 | D:8      | Noticed a two-headed ogre
  9594 | D:8      | Noticed a moth of wrath
 10204 | D:8      | Reached skill level 9 in Earth Magic
 10377 | D:8      | Reached * piety under Vehumet
 10377 | D:8      | Offered knowledge of Magic Dart by Vehumet.
 10391 | D:8      | Reached XP level 10. HP: 59/59 MP: 9/17
 10666 | D:8      | Noticed Coaxmetal's ghost (novice DrFE)
 10742 | D:9      | Noticed a kobold demonologist
 10989 | D:9      | Reached skill level 10 in Earth Magic
 11337 | D:9      | Reached skill level 5 in Dodging
 11357 | D:9      | Reached skill level 1 in Long Blades
 11477 | D:9      | Noticed a cyclops
 11492 | D:9      | Killed a cyclops
 11775 | D:9      | Found a staircase to the Lair.
 11776 | D:9      | Reached ** piety under Vehumet
 11776 | D:9      | Offered knowledge of Freeze by Vehumet.
 12013 | D:9      | Noticed an orange demon
 12019 | D:9      | Killed a kobold demonologist
 12283 | D:3      | Bought a potion of degeneration for 12 gold pieces
 12283 | D:3      | Bought a potion of curing for 36 gold pieces
 12283 | D:3      | Bought a potion of attraction for 36 gold pieces
 12283 | D:3      | Bought a potion of mutation for 96 gold pieces
 12283 | D:3      | Bought a potion of magic for 96 gold pieces
 12283 | D:3      | Bought a potion of magic for 96 gold pieces
 12283 | D:3      | Bought a potion of curing for 36 gold pieces
 12403 | Lair:1   | Entered Level 1 of the Lair of Beasts
 12442 | D:10     | Entered Level 10 of the Dungeon
 12448 | D:10     | Noticed Grum
 12587 | D:10     | Killed Grum
 12746 | D:10     | Reached XP level 11. HP: 66/66 MP: 14/20
 13304 | D:10     | Noticed a centaur warrior
 13318 | D:10     | Killed a centaur warrior
 13376 | D:10     | Noticed a two-headed ogre
 13385 | D:10     | Killed a two-headed ogre
 13665 | D:10     | Identified the +9 rapier "Dragonslayer" {drain, rN+ Will+}
 13725 | D:10     | Offered knowledge of Scorch by Vehumet.
 13945 | D:10     | Found a staircase to the Orcish Mines.
 14192 | D:10     | Noticed Lodul
 14208 | D:10     | Reached *** piety under Vehumet
 14321 | D:10     | Reached skill level 5 in Transmutations
 14978 | D:10     | Found a glowing golden altar of the Shining One.
 14978 | D:10     | Found a hazy altar of Hepliaklqana.
 15042 | D:10     | Offered knowledge of Frozen Ramparts by Vehumet.
 15080 | D:11     | Noticed a cyclops
 15092 | D:11     | Killed a cyclops
 15093 | D:11     | Reached skill level 1 in Armour
 15093 | D:11     | Reached skill level 5 in Conjurations
 15251 | D:11     | Gained mutation: Your body sometimes deteriorates upon
                  | taking damage. [a neqoxec]
 15318 | D:10     | Lost mutation: Your body sometimes deteriorates upon taking
                  | damage. [potion of mutation]
 15318 | D:10     | Gained mutation: You sometimes lose your temper in combat.
                  | [potion of mutation]
 15318 | D:10     | Gained mutation: You occasionally lose the ability to drink
                  | potions when taking damage. [potion of mutation]
 15318 | D:10     | Gained mutation: You have a pair of small horns on your
                  | head. [potion of mutation]
 15318 | D:10     | Gained mutation: Your flesh is heat resistant. (rF+)
                  | [potion of mutation]
 15326 | D:11     | Noticed a sixfirhy
 15511 | D:11     | Found a blossoming altar of Fedhas.
 15693 | D:11     | Reached skill level 11 in Earth Magic
 15804 | D:11     | Found Juigrin's Book Boutique.
 16222 | D:11     | Found a runed translucent gate.
 16222 | D:11     | Found a runed translucent gate.
 16222 | D:11     | Found a runed translucent gate.
 16225 | D:11     | Noticed kingsuperguy's ghost (journeyman MiBe)
 16368 | D:12     | Reached XP level 12. HP: 73/73 MP: 17/24
 16874 | D:12     | Slain by a skeletal warrior

Illustrated notes

Levels and vault maps discovered:
D:1:      lightli_molten_gateway, layout_basic,
          hellmonk_ecumenical_altar_watching_god, minmay_pentomino_s2
D:2:      cheibrodos_greedy_goblins, layout_loops_corners, uniq_jessica
D:3:      layout_basic, gammafunk_ghost_grave, serial_shops, shop,
          minmay_door_square, corexii_item_surrounded_by_moat
D:4:      layout_basic, uniq_sigmund
D:5:      layout_layer_cave, kennysheep_okawaru_gauntlet,
          mainiacjoe_overflow_catwalk, temple_fountains
D:6:      layout_cave_pools, makhleb_altar_promises_db, lemuel_tele_altar,
          minmay_misc_feat_columns
D:7:      layout_gridville, nemelex_dance_club_becter, hangedman_decor_points,
          st_stairs_2, nicolae_shop_vocational
D:8:      layout_gridville, gup_ossuary_entry_pyramid,
          gammafunk_ghost_wrathful_warriors, hangedman_decor_lopped,
          amcnicky_mini_pool_small
D:9:      layout_loops_cross, due_lair_maze_entry_diamond
D:10:     layout_irregular_city, gammafunk_temple_overflow_elements,
          kennysheep_orc_monster_closet_entryway, uniq_grum, uniq_lodul
D:11:     layout_long_grid, gammafunk_ghost_nasty_kobolds, serial_shops, shop,
          fedhas_altar_fruit_tree
D:12:     layout_loops_corners
Temple:   regret_index_temple_generic_petals
Lair:1:   layout_hall_layers, uniq_urug

Skill      XL: |  1  2  3  4  5  6  7  8  9 10 11 |
---------------+----------------------------------+-----
Earth Magic    | 4 5 6 7 8 9 10 11 | 11.4
Stealth        | 3 4 5 |  5.0
Conjurations   | 1 2 3 6 |  6.0
Transmutations | 1 3 4 5 |  5.0
Fighting       | 3 5 6 8 |  8.0
Short Blades   | 3 4 |  4.0
Spellcasting   | 3 5 6 8 |  8.0
Dodging        | 2 5 |  5.0
Long Blades    | 3 |  3.2
Armour         | 3 |  3.8

Action                   |  1- 3 |  4- 6 |  7- 9 | 10-12 || total
-------------------------+-------+-------+-------+-------++-------
Melee: Unarmed           |     9 |       |       |       ||     9
       Short sword       |    13 |     6 |    35 |     1 ||    55
       Punch             |     1 |       |       |     1 ||     2
       Scimitar          |       |       |       |    51 ||    51
       Rapier            |       |       |       |    54 ||    54
       Headbutt          |       |       |       |     7 ||     7
 Cast: Sandblast         |    40 |    80 |    97 |    86 ||   303
       Stone Arrow       |       |       |    63 |   138 ||   201
       Petrify           |       |       |       |    32 ||    32
  Use: Potion            |       |       |     1 |    11 ||    12
       Scroll            |       |       |       |    15 ||    15
 Stab: Petrified         |       |       |       |    36 ||    36
       Petrifying        |       |       |       |     4 ||     4
Armor: Robe              |    15 |     4 |    25 |    23 ||    67
       Steam dragon scal |       |       |       |    18 ||    18
       Troll leather arm |       |       |       |    35 ||    35
Dodge: Dodged            |    36 |    18 |    82 |   251 ||   387
       Repelled          |       |       |     1 |     2 ||     3
